 Dungeon Crawl Stone Soup version 0.17.0-22-g5edae84 (webtiles) character file.

354 urechis the Conjurer (level 6, -3/36 HPs)
             Began as an Octopode Wizard on Nov 12, 2015.
             Slain by a giant frog (8 damage)
             ... in a sewer.
             The game lasted 00:10:29 (4215 turns).

urechis the Conjurer (Octopode Wizard)              Turns: 4215, Time: 00:10:30

Health: -3/36      AC:  1    Str:  6    XL:     6   Next: 62%
Magic:  4/12       EV: 12    Int: 22    God:
Gold:   138        SH:  0    Dex: 11    Spells: 4 memorised, 4 levels left

rFire  . . .     SeeInvis .     t - +0 spear
rCold  . . .     Clarity  .     (no shield)
rNeg   . . .     SustAt   .     a - +0 hat
rPois  .         Gourm    .     (no amulet)
rElec  .         Spirit   .     f - ring of wizardry
rCorr  .         Warding  .     (no ring)
rMut   .         Stasis   .     (no ring)
MR     .....                    (no ring)
Stlth  ++++......               (no ring)
                                (no ring)
                                (no ring)
                                (no ring)

@: not resistant to hostile enchantments, stealthy
A: almost no armour, amphibious, 8 rings, constrict 8, camouflage 1, gelatinous
body 1
a: no special abilities


You were in a sewer.
You were not hungry.

You visited 1 branch of the dungeon, and saw 3 of its levels.
You also visited: Sewer.

You collected 138 gold pieces.

Inventory:

Hand Weapons
 t - a +0 spear (weapon)
Armour
 a - a +0 hat (worn)
Jewellery
 f - a ring of wizardry (left tentacle)
Wands
 o - a wand of fireball (7)
Scrolls
 d - 3 scrolls of remove curse {unknown}
 e - a scroll of enchant weapon {unknown}
 g - 3 scrolls of recharging {unknown}
 j - 2 scrolls of random uselessness {unknown}
 m - a scroll of immolation {unknown}
 p - 3 scrolls of fog {unknown}
 s - 2 scrolls of identify {unknown}
 u - a scroll of magic mapping {unknown}
Potions
 i - 2 potions of degeneration {unknown}
 k - 2 potions of brilliance {unknown}
 r - a potion of curing {unknown}
 w - a potion of magic {unknown}
 x - a potion of heal wounds {unknown}
 z - a potion of haste {unknown}
Books
 b - a book of Minor Magic

   Spells                             Type                      Level
   a - Magic Dart                     Conjuration                  1
   b - Blink                          Translocation                2
   c - Call Imp                       Summoning                    2
   d - Repel Missiles                 Charms/Air                   2
   e - Slow                           Hexes                        2
   f - Conjure Flame                  Conjuration/Fire             3
   g - Mephitic Cloud                 Conjuration/Poison/Air       3
Comestibles
 c - 4 bread rations
 h - a royal jelly
 l - a slice of pizza
 n - 4 fruits
 q - a meat ration


   Skills:
 - Level 2.0 Dodging
 - Level 2.6 Stealth
 + Level 4.2 Spellcasting
 + Level 5.6 Conjurations
   Level 1.0 Summonings
 - Level 1.0 Translocations


You had 4 spell levels left.
You knew the following spells:

 Your Spells              Type           Power        Failure   Level  Hunger
a - Magic Dart            Conj           ####         1%          1    None
b - Blink                 Tloc           N/A          4%          2    #......
c - Conjure Flame         Conj/Fire      ###.....     4%          3    ##.....
d - Mephitic Cloud        Conj/Pois/Air  ##......     7%          3    ##.....


Dungeon Overview and Level Annotations

Branches:
Dungeon (3/15)

Altars:
Nemelex Xobeh
Zin


Innate Abilities, Weirdness & Mutations

You cannot wear most types of armour.
You are amphibious.
You can wear up to eight rings at the same time.
You can use your tentacles to constrict eight enemies at once.
Your skin changes colour to match your surroundings (Stealth).
Your rubbery body absorbs attacks (AC +1).


Message History

* * * LOW HITPOINT WARNING * * *
Casting: Magic Dart
Confirm with . or Enter, or press ? or * to list all spells.
Aiming: Magic Dart
Press: ? - help, Shift-Dir - straight line, f/p - giant frog
Aim: a giant frog (lightly wounded)
The magic dart hits the giant frog.
The giant frog is moderately wounded.
The giant frog barely misses you.
Casting: Magic Dart
Confirm with . or Enter, or press ? or * to list all spells.
Aiming: Magic Dart
Press: ? - help, Shift-Dir - straight line, f/p - giant frog
Aim: a giant frog (moderately wounded)
The magic dart hits the giant frog.
The giant frog is severely wounded.
The giant frog hits you.
* * * LOW HITPOINT WARNING * * *
The giant frog hits you!
You die...

..#####################
†## .# ##### ##..# .'..#
.####
..#####################+
....≈≈≈≈≈≈≈≈≈≈≈≈@†≈≈....
....≈≈≈≈≈≈≈≈≈≈≈≈≈F≈≈†...
...≈≈≈≈≈≈≈≈≈≈≈≈≈≈≈†≈≈...
...≈≈≈≈≈≈≈≈≈≈≈≈≈≈≈≈†≈...
...≈≈≈≈≈≈≈≈≈≈≈≈≈≈≈≈≈≈...
##.≈≈≈≈≈≈≈≈≈≈≈≈≈≈≈≈≈≈...
#######################


You could see a giant frog.

Vanquished Creatures
  A giant frog (Sewer)
  Natasha (thrice) (D:2)
  Robin (D:2)
  10 adders
  5 river rats (Sewer)
  2 oozes
  A worm (D:2)
  2 giant geckos (D:1)
  An orc (D:3)
  14 ball pythons
  4 giant cockroaches
  8 hobgoblins
  2 jackals (D:1)
  8 bats
  6 giant newts
  14 goblins
  5 kobolds
  32 rats
119 creatures vanquished.

Notes
Turn   | Place    | Note
--------------------------------------------------------------
     0 | D:1      | urechis the Octopode Wizard began the quest for the Orb.
     0 | D:1      | Reached XP level 1. HP: 11/11 MP: 4/4
   133 | D:1      | Found a sparkling altar of Nemelex Xobeh.
   261 | D:1      | Reached XP level 2. HP: 17/17 MP: 3/6
   431 | D:1      | Learned a level 2 spell: Blink
   491 | D:1      | Reached XP level 3. HP: 21/21 MP: 1/7
   970 | D:2      | Found a glowing silver altar of Zin.
   970 | D:2      | Noticed an angel
   976 | D:2      | Noticed Natasha
   985 | D:2      | Killed Natasha
   985 | D:2      | Reached skill level 4 in Conjurations
   985 | D:2      | Reached XP level 4. HP: 3/27 MP: 1/8
  1149 | D:2      | Noticed Natasha
  1173 | D:2      | Killed Natasha
  1222 | D:2      | Learned a level 3 spell: Conjure Flame
  1226 | D:2      | Learned a level 3 spell: Mephitic Cloud
  1398 | D:2      | Noticed Natasha
  1398 | D:2      | Killed Natasha
  1679 | D:2      | Noticed Robin
  1841 | D:2      | Killed Robin
  1841 | D:2      | Reached XP level 5. HP: 18/31 MP: 0/9
  2791 | D:3      | Found a glowing drain.
  2803 | Sewer    | Entered a sewer
  3757 | Sewer    | Reached skill level 5 in Conjurations
  3893 | Sewer    | Reached XP level 6. HP: 36/36 MP: 0/11
  4215 | Sewer    | Slain by a giant frog

Action                   |  1- 3 |  4- 6 || total
-------------------------+-------+-------++-------
Melee: Unarmed           |     2 |       ||     2
       Dagger            |     8 |     4 ||    12
       Spear             |       |    48 ||    48
 Cast: Magic Dart        |    69 |   189 ||   258
       Conjure Flame     |       |     1 ||     1
 Stab: Sleeping          |     2 |     2 ||     4
  Eat: Chunk             |       |    10 ||    10
